 Dungeon Crawl Stone Soup version 0.24.0-1-gfbc8707 (webtiles) character file.

Game seed: 1801831873070352993, levelgen mode: deterministic

268 RonnieColeman the Conjurer (level 6, -1/36 HPs)
             Began as an Octopode Conjurer on Nov 12, 2019.
             Was an Initiate of Kikubaaqudgha.
             Killed from afar by Grinder (10 damage)
             ... with a puff of flame
             ... while paralysed by Grinder
             ... on level 4 of the Dungeon.
             The game lasted 00:11:39 (3923 turns).

RonnieColeman the Conjurer (Octopode Conjurer)      Turns: 3923, Time: 00:11:40

Health: -1/36      AC:  1    Str:  7    XL:     6   Next: 21%
Magic:  0/13       EV:  2    Int: 25    God:    Kikubaaqudgha [......]
Gold:   238        SH:  0    Dex: 12    Spells: 9/14 levels left

rFire    . . .     SeeInvis .   o - -3 whip (curse)
rCold    . . .     Gourm    .   (no shield)
rNeg     + . .     Faith    .   (helmet restricted)
rPois    .         Spirit   .   (no amulet)
rElec    .         Reflect  .   g - +5 ring of intelligence
rCorr    .         Harm     .   m - ring of positive energy
MR       .....                  (no ring)
Stlth    +++.......             (no ring)
HPRegen  0.12/turn              (no ring)
MPRegen  0.13/turn              (no ring)
                                (no ring)
                                (no ring)

@: paralysed, very slightly contaminated
A: almost no armour, stealthy swim, amphibious, 8 rings, constrict 8, camouflage
1, gelatinous body 1
a: Renounce Religion


You were on level 4 of the Dungeon.
You worshipped Kikubaaqudgha.
Kikubaaqudgha was noncommittal.
You were not hungry.

You visited 2 branches of the dungeon, and saw 5 of its levels.

You collected 238 gold pieces.

Inventory:

Hand Weapons
 c - a +0 hand axe
 o - a cursed -3 whip (weapon)
 q - a +2 mace of protection
Jewellery
 g - a +5 ring of intelligence (left tentacle)
 m - a ring of positive energy (right tentacle)
Scrolls
 n - 2 scrolls of amnesia
Potions
 d - 2 potions of agility
 e - a potion of magic
 f - a potion of heal wounds
 h - 2 potions of mutation {unknown}
 j - a potion of curing
 k - a potion of invisibility
 l - 2 potions of flight
 p - a potion of haste {unknown}
Comestibles
 a - a chunk of flesh
 b - 8 rations


   Skills:
 - Level 2.0 Dodging
 - Level 2.6 Stealth
 * Level 4.9 Spellcasting
 + Level 5.2 Conjurations


You had 9 spell levels left.
You knew the following spells:

 Your Spells              Type           Power        Failure   Level  Hunger
a - Magic Dart            Conj           ####         1%          1    None
c - Iskenderun's Mystic   Conj           ####....     10%         4    ####...

Your spell library contained the following spells:

 Spells                   Type           Power        Failure   Level  Hunger
 Searing Ray              Conj           ####..       1%          2    None
 Dazzling Spray           Conj/Hex       ###...       9%          3    ##.....
 Force Lance              Conj/Tloc      ###.....     28%         4    ####...
 Fulminant Prism          Conj/Hex       ###.......   28%         4    ####...


Dungeon Overview and Level Annotations

Branches:
Dungeon (4/15)             Temple (1/1) D:4

Altars:
Dithmenos
Elyvilon
Hepliaklqana
Kikubaaqudgha
Ru
Trog
Uskayaw
Vehumet
Xom
Yredelemnul
Zin

Annotations:
D:4 Grinder


Innate Abilities, Weirdness & Mutations

You cannot wear most types of armour.
You are very stealthy in the water. (Stealth+)
You are amphibious.
You can wear up to eight rings at the same time.
You can use your tentacles to constrict eight enemies at once.
Your skin changes colour to match your surroundings (Stealth+).
Your rubbery body absorbs attacks. (AC +1, EV +1)


Message History

Casting: Iskenderun's Mystic Blast (safe; 10% risk of failure)
Confirm with . or Enter, or press ? or * to list all spells.
Aiming: Magic Dart (safe; 1% risk of failure)
Press: ? - help, Shift-Dir - straight line, f/p - Grinder
Aim: Grinder, carrying a wand of flame (14) (severely wounded)
The magic dart hits Grinder.
Grinder is severely wounded.
You barely miss Grinder. You grab Grinder.
Grinder is severely wounded.
You constrict Grinder. Grinder hits you!
You writhe in agony.
Grinder zaps a wand.
The puff of flame hits you.
* * * LOW HITPOINT WARNING * * *
Okay, then.
As you read the scroll of fear, it crumbles to dust.
You assume a fearsome visage.
Grinder is unaffected.
You constrict Grinder. Grinder gestures at you.
You suddenly lose the ability to move!
You lose your grip on Grinder.
Grinder zaps a wand.
The puff of flame hits you!
You die...
Kikubaaqudgha rasps: "You have failed me!
Welcome... death!"

....5....# #.#
#.# #.#
######'#######
#.#.#.#..
#............#
#........
#.........##.#
#........
#........5##.#
#........
#........@##.#
#........
############.#
#........
#.#####...)....
#.#........##.#
#.#.#####....<#
#.#.#.####....#
#.#.#.........#
#.#.#....#....#
#.#.######.....


You could see Grinder.

Vanquished Creatures
  An ogre (D:4)
  A hound (D:4)
  An orc wizard (D:3)
  3 adders (D:3)
  2 worms (D:2)
  4 dart slugs
  3 leopard geckos
  10 orcs
  A ball python (D:2)
  6 bats
  2 giant cockroaches (D:2)
  7 goblins
  6 hobgoblins
  7 jackals
  4 kobolds
  A quokka (D:3)
  7 frilled lizards
  14 rats
80 creatures vanquished.

Notes
Turn   | Place    | Note
-------+----------+-------------------------------------------
     0 | D:1      | RonnieColeman the Octopode Conjurer began the quest for the
                  | Orb.
     0 | D:1      | Reached XP level 1. HP: 11/11 MP: 3/3
    37 | D:1      | Reached XP level 2. HP: 6/17 MP: 1/5
  1031 | D:2      | Reached XP level 3. HP: 21/21 MP: 2/7
  2160 | D:2      | Reached XP level 4. HP: 27/27 MP: 7/9
  2880 | D:3      | Reached XP level 5. HP: 31/31 MP: 5/11
  3146 | D:4      | Found a staircase to the Ecumenical Temple.
  3151 | Temple   | Entered the Ecumenical Temple
  3381 | Temple   | Became a worshipper of Kikubaaqudgha
  3429 | D:4      | Noticed an ogre
  3456 | D:4      | Learned a level 4 spell: Iskenderun's Mystic Blast
  3468 | D:4      | Killed an ogre
  3468 | D:4      | Reached skill level 5 in Conjurations
  3468 | D:4      | Reached XP level 6. HP: 36/36 MP: 1/13
  3900 | D:4      | Noticed Grinder
  3912 | D:4      | Paralysed by Grinder for 3 turns
  3922 | D:4      | Paralysed by Grinder for 4 turns
  3923 | D:4      | Killed from afar by Grinder

Levels and vault maps discovered:
D:1:      erik_arrival_orb_chamber, layout_basic
D:2:      layout_loops_ring, chequers_decorated_corner
D:3:      layout_basic, first_ration
D:4:      minmay_inner_zag, layout_basic,
          nicolae_gozag_cash_rules_everything_around_me, temple_doors_cd,
          uniq_grinder, uniq_ijyb
Temple:   minmay_temple_curvy_loop

Skill      XL: |  1  2  3  4  5 |
---------------+----------------+-----
Spellcasting   | 3 4 |  4.9
Conjurations   | 5 |  5.2
Dodging        | |  2.0
Stealth        | |  2.6

Action                   |  1- 3 |  4- 6 || total
-------------------------+-------+-------++-------
Melee: Unarmed           |     9 |       ||     9
       Constrict         |    12 |     4 ||    16
       Tentacles         |     8 |     2 ||    10
       Hand axe          |    18 |       ||    18
       Whip              |    19 |     5 ||    24
 Cast: Magic Dart        |    57 |    84 ||   141
       Iskenderun's Myst |       |     5 ||     5
  Use: Scroll            |     4 |     7 ||    11
 Stab: Sleeping          |     3 |       ||     3
  Eat: Chunk             |     4 |     6 ||    10
Armor: Skin              |     5 |     1 ||     6
Dodge: Dodged            |    50 |     7 ||    57
